 Dungeon Sprint DCSS version 0.22-a0-136-g83a10e5 (webtiles) character file.

674 esc the Magician (level 7, -4/56 HPs)
             Began as a Gnoll Ice Elementalist on Feb 2, 2018.
             Was a Believer of Jiyva.
             Slain by a spriggan berserker
             ... wielding a +0 quarterstaff of draining
              (14 damage)
             ... in the Dungeon (Sprint IV: "Fedhas' Mad Dash").
             The game lasted 00:06:45 (1021 turns).

esc the Magician (Gnoll Ice Elementalist)           Turns: 1021, Time: 00:06:46

Health: -4/56      AC:  2    Str: 12    XL:     7   Next: 59%
Magic:  3/18       EV: 16    Int: 18    God:    Jiyva [**....]
Gold:   58         SH:  0    Dex: 15    Spells: 12/21 levels left

rFire    . . .     SeeInvis .     - Unarmed
rCold    . . .     Gourm    .   (no shield)
rNeg     . . .     Faith    .   a - +0 robe
rPois    .         Spirit   .   (no helmet)
rElec    .         Reflect  .   (no cloak)
rCorr    .         Harm     .   (no gloves)
MR       .....     NoTele   +   (no boots)
Stlth    +++.......             l - amulet of invisibility {+Inv}
HPRegen  0.18/turn              (no ring)
MPRegen  0.16/turn              (no ring)

@: very slightly contaminated, drained
A: distributed training, fangs 1, strong nose
a: Request Jelly, Renounce Religion, Evoke Invisibility


You were in the Dungeon.
You worshipped Jiyva.
Jiyva was pleased with you.
You were not hungry.

You visited 1 branch You collected 58 gold pieces.

Inventory:

Missiles
 j - 7 curare-tipped needles
Armour
 a - a +0 robe (worn)
Jewellery
 l - the amulet of invisibility (around neck) {+Inv}
   (You found it in the Dungeon)

   [amulet of nothing]

   It lets you turn invisible.
Scrolls
 i - a scroll of blinking {!r}
Potions
 f - a potion of haste
 g - a potion of magic
 h - a potion of berserk rage {!q}
Books
 b - a book of Frost


   Skills:
 + Level 5.6(5.1) Fighting
 + Level 5.6(5.1) Short Blades
 + Level 5.6(5.1) Long Blades
 + Level 5.6(5.1) Axes
 + Level 5.6(5.1) Maces & Flails
 + Level 5.6(5.1) Polearms
 + Level 5.6(5.1) Staves
 + Level 5.6(5.1) Slings
 + Level 5.6(5.1) Bows
 + Level 5.6(5.1) Crossbows
 + Level 5.6(5.1) Throwing
 + Level 5.6(5.1) Armour
 + Level 7.3(6.8) Dodging
 + Level 7.0(6.5) Stealth
 + Level 5.6(5.1) Shields
 + Level 5.6(5.1) Unarmed Combat
 + Level 7.6(7.1) Spellcasting
 + Level 5.1(4.7) Conjurations
 + Level 4.6(4.1) Hexes
 + Level 4.6(4.1) Charms
 + Level 4.6(4.1) Summonings
 + Level 4.6(4.1) Necromancy
 + Level 4.6(4.1) Translocations
 + Level 4.6(4.1) Transmutations
 + Level 4.6(4.1) Fire Magic
 + Level 7.2(6.7) Ice Magic
 + Level 4.6(4.1) Air Magic
 + Level 4.6(4.1) Earth Magic
 + Level 4.6(4.1) Poison Magic
 + Level 6.1(5.6) Invocations
 + Level 5.6(5.1) Evocations


You had 12 spell levels left.
You knew the following spells:

 Your Spells              Type           Power        Failure   Level  Hunger
a - Freeze                Ice            ####         1%          1    None
b - Summon Ice Beast      Ice/Summ       ####....     11%         4    ####...
x - Throw Icicle          Conj/Ice       ####....     10%         4    ####...


Dungeon Overview and Level Annotations

Branches:
Dungeon (1/1)

Altars:
Cheibriados
Dithmenos
Elyvilon
Gozag
Hepliaklqana
Kikubaaqudgha
Makhleb
Nemelex Xobeh
Okawaru
Qazlal
Ru
Sif Muna
Trog
Uskayaw
Vehumet
Wu Jian
Xom
Yredelemnul
Zin
The Shining One
Beogh
Jiyva
Lugonu

Annotations:
D exclusion: oklob plant


Innate Abilities, Weirdness & Mutations

Your experience applies equally to all skills.
You have very sharp teeth.
Your uncanny sense of smell can sniff out nearby items.


Message History

You freeze the burning bush.
You now have 8/17 mp.
Aim: a burning bush (almost destroyed)
You freeze the burning bush. The burning bush throws fire at you.
The puff of flame hits you!
You take 9 damage, and have 21/56 hp.
You now have 7/17 mp.
Aim: a burning bush (almost destroyed)
You freeze the burning bush.
You destroy the burning bush!
Your Dodging skill increases to level 7!
Your Stealth skill increases to level 7!
Your Conjurations skill increases to level 5!
Your Ice Magic skill increases to level 7!
Your Invocations skill increases to level 6!
You now have 6/18 mp.
You start resting.
You flicker back into view.
You hear an angry growl.
You eat the ration.
That ration really hit the spot!
You start resting.
You hear a bellow!
You hear an angry growl. x2
You hear a bellow!
You hear an angry growl.
You hear a bellow! x2
You hear an angry growl. x3
You hear a bellow! x2
A spriggan druid comes into view. It is wielding a trident of venom.
You regained 2 hp, and now have 24/56 hp.
You regained 2 mp, and now have 9/18 mp.
You aren't carrying any items that you can evoke.
Okay, then.
You hear an angry growl.
A burning bush is nearby!
The burning bush throws fire at you. The puff of flame hits you!
* * * LOW HITPOINT WARNING * * *
You hear a bellow!
You take 10 damage, and have 15/56 hp.
Unknown command.
You hear a bellow!
You hear an angry growl.
Memorise Throw Icicle, consuming 4 spell levels and leaving 16?
You hear a bellow!
You start memorising the spell.
You continue memorising. x2
You hear a bellow!
You continue memorising. x2
You finish memorising.
Spell assigned to 'x'.
Memorise Summon Ice Beast, consuming 4 spell levels and leaving 12?
You start memorising the spell.
You continue memorising. x4
You finish memorising.
Spell assigned to 'b'.
You start resting.
You hear an explosion!
Jiyva gurgles merrily.
A spriggan berserker comes into view.
It is wielding a quarterstaff of draining.
You regained 12 hp, and now have 29/56 hp.
MP restored: 18 You see here a shiny ring mail.
Your magical contamination has completely faded away.
The spriggan berserker shouts!
Okay, then.
Unknown command.
A chill wind blows around you.
The spriggan berserker hits your ice beast with a quarterstaff of draining.
You now have 14/18 mp.
A chill wind blows around you.
Your ice beast misses the spriggan berserker.
The spriggan berserker hits your ice beast with a quarterstaff of draining!!
Your ice beast dies!
You now have 10/18 mp.
You don't know that spell.
Unknown command.
Aim: a spriggan berserker, wielding a quarterstaff of draining and wearing an animal skin You miscast Throw Icicle.
You are very lightly contaminated with residual magic.
A chill runs through your body.
You now have 6/18 mp.
Aim: a spriggan berserker, wielding a quarterstaff of draining and wearing an animal skin The shard of ice misses the spriggan berserker.
Your ice beast closely misses the spriggan berserker.
You now have 2/18 mp.
As you read the scroll labeled REOTEM BOPP, it crumbles to dust.
The scroll dissolves into smoke.
It was a scroll of fog.
The spriggan berserker closely misses you.
Your ice beast barely misses the spriggan berserker.
Okay, then.
You swap places.
The spriggan berserker hits you with a quarterstaff of draining!!
* * * LOW HITPOINT WARNING * * *
You feel drained.
* * * LOW HITPOINT WARNING * * *
Your ice beast hits the spriggan berserker but does no damage.
You take 21 damage, and have 10/56 hp.
MASSIVE DAMAGE!!
Unknown command.
Okay, then.
Unknown command.
Really walk into a travel-excluded area?
The spriggan berserker hits you with a quarterstaff of draining!
You die...

#<..P#.....#.....#.⌠._.
#PP..'.....'.#...'.._._
#PPPP#.....#.#...#..._.
###############.##.._._
...♣............#._._.
%.....♣.....#...######
♣§§♣..######
####§###### ∆ ∆
#§§@§§......
∆#Yi###P...P. ∆ ####
###### ∆∆


You could see a spriggan berserker and a friendly ice beast.

Vanquished Creatures
  A queen bee (D)
  A burning bush (D)
  3 killer bees (D)
  3 oklob saplings (D)
  A worker ant (D)
  A river rat (D)
  A rat (D)
11 creatures vanquished.

Vanquished Creatures (others)
  A killer bee (D)
  8 jellies (D)
  2 ballistomycetes (D)
  2 ballistomycete spores (D)
  A bush (D)
14 creatures vanquished.

Grand Total: 25 creatures vanquished

Notes
Turn   | Place    | Note
-------+----------+-------------------------------------------
     0 | D        | esc the Gnoll Ice Elementalist began the quest for the Orb.
     0 | D        | Reached XP level 1. HP: 13/13 MP: 6/6
     9 | D        | Reached skill level 2 in Conjurations
    15 | D        | Reached skill level 1 in Fighting
    15 | D        | Reached skill level 1 in Short Blades
    15 | D        | Reached skill level 1 in Long Blades
    15 | D        | Reached skill level 1 in Axes
    15 | D        | Reached skill level 1 in Maces & Flails
    15 | D        | Reached skill level 1 in Polearms
    15 | D        | Reached skill level 1 in Staves
    15 | D        | Reached skill level 1 in Slings
    15 | D        | Reached skill level 1 in Bows
    15 | D        | Reached skill level 1 in Crossbows
    15 | D        | Reached skill level 1 in Throwing
    15 | D        | Reached skill level 1 in Armour
    15 | D        | Reached skill level 1 in Shields
    15 | D        | Reached skill level 1 in Unarmed Combat
    15 | D        | Reached skill level 5 in Spellcasting
    15 | D        | Reached skill level 1 in Invocations
    15 | D        | Reached skill level 1 in Evocations
    15 | D        | Reached XP level 2. HP: 10/21 MP: 4/8
   166 | D        | Noticed an oklob sapling
   168 | D        | Killed an oklob sapling
   168 | D        | Reached skill level 5 in Dodging
   168 | D        | Reached skill level 1 in Hexes
   168 | D        | Reached skill level 1 in Charms
   168 | D        | Reached skill level 1 in Summonings
   168 | D        | Reached skill level 1 in Necromancy
   168 | D        | Reached skill level 1 in Translocations
   168 | D        | Reached skill level 1 in Transmutations
   168 | D        | Reached skill level 1 in Fire Magic
   168 | D        | Reached skill level 1 in Air Magic
   168 | D        | Reached skill level 1 in Earth Magic
   168 | D        | Reached skill level 1 in Poison Magic
   168 | D        | Reached skill level 2 in Invocations
   168 | D        | Reached XP level 3. HP: 27/27 MP: 7/9
   189 | D        | Found the amulet of invisibility {+Inv}
   191 | D        | Reached skill level 2 in Fighting
   191 | D        | Reached skill level 2 in Short Blades
   191 | D        | Reached skill level 2 in Long Blades
   191 | D        | Reached skill level 2 in Axes
   191 | D        | Reached skill level 2 in Maces & Flails
   191 | D        | Reached skill level 2 in Polearms
   191 | D        | Reached skill level 2 in Staves
   191 | D        | Reached skill level 2 in Slings
   191 | D        | Reached skill level 2 in Bows
   191 | D        | Reached skill level 2 in Crossbows
   191 | D        | Reached skill level 2 in Throwing
   191 | D        | Reached skill level 2 in Armour
   191 | D        | Reached skill level 2 in Shields
   191 | D        | Reached skill level 2 in Unarmed Combat
   191 | D        | Reached skill level 2 in Evocations
   191 | D        | Reached XP level 4. HP: 29/33 MP: 6/11
   321 | D        | Found an opulent altar of Gozag.
   321 | D        | Found a hazy altar of Hepliaklqana.
   321 | D        | Found a burning altar of Makhleb.
   321 | D        | Found a roughly hewn altar of Beogh.
   321 | D        | Found a sparkling altar of Nemelex Xobeh.
   321 | D        | Found a snail-covered altar of Cheibriados.
   321 | D        | Found a sacrificial altar of Ru.
   321 | D        | Found a deep blue altar of Sif Muna.
   321 | D        | Found a shimmering altar of Xom.
   321 | D        | Found a basalt altar of Yredelemnul.
   322 | D        | Found a viscous altar of Jiyva.
   322 | D        | Found a bloodstained altar of Trog.
   322 | D        | Found an ornate altar of the Wu Jian Council.
   322 | D        | Noticed an oklob sapling priest
   325 | D        | Found an iron altar of Okawaru.
   325 | D        | Found a shadowy altar of Dithmenos.
   325 | D        | Found a glowing silver altar of Zin.
   326 | D        | Found an ancient bone altar of Kikubaaqudgha.
   326 | D        | Found a hide-covered altar of Uskayaw.
   327 | D        | Found a stormy altar of Qazlal.
   327 | D        | Found a white marble altar of Elyvilon.
   327 | D        | Found a glowing golden altar of the Shining One.
   328 | D        | Found a corrupted altar of Lugonu.
   328 | D        | Found a radiant altar of Vehumet.
   335 | D        | Killed an oklob sapling priest
   335 | D        | Reached skill level 5 in Stealth
   335 | D        | Reached skill level 3 in Conjurations
   335 | D        | Reached skill level 2 in Hexes
   335 | D        | Reached skill level 2 in Charms
   335 | D        | Reached skill level 2 in Summonings
   335 | D        | Reached skill level 2 in Necromancy
   335 | D        | Reached skill level 2 in Translocations
   335 | D        | Reached skill level 2 in Transmutations
   335 | D        | Reached skill level 2 in Fire Magic
   335 | D        | Reached skill level 6 in Ice Magic
   335 | D        | Reached skill level 2 in Air Magic
   335 | D        | Reached skill level 2 in Earth Magic
   335 | D        | Reached skill level 2 in Poison Magic
   335 | D        | Reached skill level 3 in Invocations
   343 | D        | Became a worshipper of Jiyva Juokhu the Shapeless
   529 | D        | Reached * piety under Jiyva
   536 | D        | Reached skill level 3 in Fighting
   536 | D        | Reached skill level 3 in Short Blades
   536 | D        | Reached skill level 3 in Long Blades
   536 | D        | Reached skill level 3 in Axes
   536 | D        | Reached skill level 3 in Maces & Flails
   536 | D        | Reached skill level 3 in Polearms
   536 | D        | Reached skill level 3 in Staves
   536 | D        | Reached skill level 3 in Slings
   536 | D        | Reached skill level 3 in Bows
   536 | D        | Reached skill level 3 in Crossbows
   536 | D        | Reached skill level 3 in Throwing
   536 | D        | Reached skill level 3 in Armour
   536 | D        | Reached skill level 3 in Shields
   536 | D        | Reached skill level 3 in Unarmed Combat
   536 | D        | Reached skill level 3 in Evocations
   538 | D        | Noticed a queen bee
   544 | D        | Reached skill level 6 in Spellcasting
   544 | D        | Reached XP level 5. HP: 24/41 MP: 6/13
   548 | D        | HP: 9/41 [queen bee (16)]
   551 | D        | esc: @??queen bee
   551 | D        | esc: @??jelly
   551 | D        | beem: jelly (J)
                  | Spd:
    10 | HD: 3    | HP: 12-19
                  | AC/EV: 0/2
                  | Dam: 3(acid:7d3)
                  | eats doors, amphibious, see invisible, unbreathing
                  | Res: magic(10), poison, acid+++, blind, drown
                  | XP:
    42 | Sz: small | Int: brainless.
   551 | D        | esc: @??queen bee
   551 | D        | beem: queen bee (y)
                  | Spd:
    10 | HD: 7    | HP: 30-45
                  | AC/EV: 10/10
                  | Dam: 20(poison:14-28)
                  | fly
                  | Res: magic(20)
                  | Vul: poison
                  | Chunks: noxious
                  | XP: 304
                  | Sp: berserk other [!AM, !sil], berserk other [!AM, !sil, emergency]
                  | Sz: little
                  | Int: animal.
   552 | D        | Killed a queen bee
   552 | D        | Reached skill level 4 in Fighting
   552 | D        | Reached skill level 4 in Short Blades
   552 | D        | Reached skill level 4 in Long Blades
   552 | D        | Reached skill level 4 in Axes
   552 | D        | Reached skill level 4 in Maces & Flails
   552 | D        | Reached skill level 4 in Polearms
   552 | D        | Reached skill level 4 in Staves
   552 | D        | Reached skill level 4 in Slings
   552 | D        | Reached skill level 4 in Bows
   552 | D        | Reached skill level 4 in Crossbows
   552 | D        | Reached skill level 4 in Throwing
   552 | D        | Reached skill level 4 in Armour
   552 | D        | Reached skill level 6 in Dodging
   552 | D        | Reached skill level 6 in Stealth
   552 | D        | Reached skill level 4 in Shields
   552 | D        | Reached skill level 4 in Unarmed Combat
   552 | D        | Reached skill level 7 in Spellcasting
   552 | D        | Reached skill level 4 in Conjurations
   552 | D        | Reached skill level 4 in Hexes
   552 | D        | Reached skill level 4 in Charms
   552 | D        | Reached skill level 4 in Summonings
   552 | D        | Reached skill level 4 in Necromancy
   552 | D        | Reached skill level 4 in Translocations
   552 | D        | Reached skill level 4 in Transmutations
   552 | D        | Reached skill level 4 in Fire Magic
   552 | D        | Reached skill level 4 in Air Magic
   552 | D        | Reached skill level 4 in Earth Magic
   552 | D        | Reached skill level 4 in Poison Magic
   552 | D        | Reached skill level 5 in Invocations
   552 | D        | Reached skill level 4 in Evocations
   552 | D        | Reached XP level 6. HP: 11/50 MP: 0/16
   554 | D        | HP: 2/50 [killer bee (10)]
   558 | D        | Reached ** piety under Jiyva
   572 | D        | HP: 9/50 [killer bee (5)]
   572 | D        | HP: 3/50 [killer bee (6)]
   892 | D        | Reached skill level 5 in Fighting
   892 | D        | Reached skill level 5 in Short Blades
   892 | D        | Reached skill level 5 in Long Blades
   892 | D        | Reached skill level 5 in Axes
   892 | D        | Reached skill level 5 in Maces & Flails
   892 | D        | Reached skill level 5 in Polearms
   892 | D        | Reached skill level 5 in Staves
   892 | D        | Reached skill level 5 in Slings
   892 | D        | Reached skill level 5 in Bows
   892 | D        | Reached skill level 5 in Crossbows
   892 | D        | Reached skill level 5 in Throwing
   892 | D        | Reached skill level 5 in Armour
   892 | D        | Reached skill level 5 in Shields
   892 | D        | Reached skill level 5 in Unarmed Combat
   892 | D        | Reached skill level 5 in Evocations
   892 | D        | Reached XP level 7. HP: 56/56 MP: 13/17
   897 | D        | Noticed a burning bush
   900 | D        | Noticed a burning bush
   900 | D        | Noticed an oklob plant
   912 | D        | Killed a burning bush
   912 | D        | Reached skill level 7 in Dodging
   912 | D        | Reached skill level 7 in Stealth
   912 | D        | Reached skill level 5 in Conjurations
   912 | D        | Reached skill level 7 in Ice Magic
   912 | D        | Reached skill level 6 in Invocations
   929 | D        | Noticed a spriggan druid
   942 | D        | Learned a level 4 spell: Throw Icicle
   947 | D        | Learned a level 4 spell: Summon Ice Beast
  1012 | D        | Noticed a spriggan berserker
  1020 | D        | HP: 11/56 [spriggan berserker/quarterstaff of draining (20)]
  1021 | D        | Slain by a spriggan berserker

Vault maps used:
D:        dungeon_sprint_fedhas

Skill      XL: |  1  2  3  4  5  6  7 |
---------------+----------------------+-----
Conjurations   | 2 3 4 5 |  5.1
Fighting       | 1 2 3 4 5 |  5.6
Short Blades   | 1 2 3 4 5 |  5.6
Long Blades    | 1 2 3 4 5 |  5.6
Axes           | 1 2 3 4 5 |  5.6
Maces & Flails | 1 2 3 4 5 |  5.6
Polearms       | 1 2 3 4 5 |  5.6
Staves         | 1 2 3 4 5 |  5.6
Slings         | 1 2 3 4 5 |  5.6
Bows           | 1 2 3 4 5 |  5.6
Crossbows      | 1 2 3 4 5 |  5.6
Throwing       | 1 2 3 4 5 |  5.6
Armour         | 1 2 3 4 5 |  5.6
Shields        | 1 2 3 4 5 |  5.6
Unarmed Combat | 1 2 3 4 5 |  5.6
Spellcasting   | 5 6 7 |  7.6
Invocations    | 1 2 3 5 6 |  6.1
Evocations     | 1 2 3 4 5 |  5.6
Dodging        | 5 6 7 |  7.3
Hexes          | 1 2 4 |  4.6
Charms         | 1 2 4 |  4.6
Summonings     | 1 2 4 |  4.6
Necromancy     | 1 2 4 |  4.6
Translocations | 1 2 4 |  4.6
Transmutations | 1 2 4 |  4.6
Fire Magic     | 1 2 4 |  4.6
Air Magic      | 1 2 4 |  4.6
Earth Magic    | 1 2 4 |  4.6
Poison Magic   | 1 2 4 |  4.6
Stealth        | 5 6 7 |  7.0
Ice Magic      | 6 7 |  7.2

Action                   |  1- 3 |  4- 6 |  7- 9 || total
-------------------------+-------+-------+-------++-------
 Cast: Freeze            |     6 |    23 |    11 ||    40
       Summon Ice Beast  |       |       |     2 ||     2
       Throw Icicle      |       |       |     1 ||     1
 Abil: Evoke Invisibilit |       |     2 |       ||     2
  Use: Potion            |       |     3 |       ||     3
       Scroll            |       |       |     1 ||     1
  Eat: Ration            |       |       |     1 ||     1
Armor: Robe              |       |     2 |       ||     2
Dodge: Dodged            |     1 |    22 |     2 ||    25

Table legend:
 A = Spawn XP
 B = Non-spawn XP
 C = Spawn XP percentage of total XP
 D = Spawn monster count
 E = Non-spawn monster count
 F = Spawn count percentage of total count
 G = Total turns spent on level
                    A         B        C        D         E        F      G
               +---------+---------+-------+---------+---------+-------+---------
         Total |       0 |     964 |   0.0 |       0 |      11 |   0.0 |  1021
               +---------+---------+-------+---------+---------+-------+---------
             D |       0 |     964 |   0.0 |       0 |      11 |   0.0 |  1021
               +---------+---------+-------+---------+---------+-------+---------

Vault maps used:
D:        dungeon_sprint_fedhas

Table legend:
 A = Turns spent in this place as a percentage of turns spent in the entire game.
 B = Non-inter-level travel turns spent in this place as a percentage of non-inter-level travel turns spent in the entire game.
 C = Inter-level travel turns spent in this place as a percentage of turns spent in this place.
 D = Turns resting spent in this place as a percentage of non-inter-level travel turns spent in this place.
 E = Turns spent auto-exploring this place as a percentage of non-inter-level travel turns spent in this place.
 F = Non-inter-level travel turns spent in this place divided by the number of levels of this place that you've seen.
                   A       B       C       D       E      F
               +-------+-------+-------+-------+-------+----------------------
         Total | 100.0 | 100.0 |   0.0 |  81.6 |   0.0 | 1021.0
       Dungeon | 100.0 | 100.0 |   0.0 |  81.6 |   0.0 | 1021.0
               +-------+-------+-------+-------+-------+----------------------

Table legend:
 A = Kills in this place as a percentage of kills in entire the game.
 B = Kills by you in this place as a percentage of kills by you in the entire game.
 C = Kills by friends in this place as a percentage of kills by friends in the entire game.
 D = Other kills in this place as a percentage of other kills in the entire game.
 E = Experience gained in this place as a percentage of experience gained in the entire game.
 F = Experience gained in this place divided by the number of levels of this place that you have seen.
                   A       B       C       D       E      F
               +-------+-------+-------+-------+-------+----------------------
         Total | 100.0 | 100.0 |   N/A |   N/A | 100.0 | 964.0
       Dungeon | 100.0 | 100.0 |   N/A |   N/A | 100.0 | 964.0
               +-------+-------+-------+-------+-------+----------------------
